 Dungeon Crawl Stone Soup version 0.22.1-1-ga44c0e5 (webtiles) character file.

303 gbos the Insei (level 6, -1/48 HPs)
             Began as a Draconian Transmuter on Oct 1, 2018.
             Was an Initiate of Makhleb.
             Slain by an unseen horror (10 damage)
             ... on level 5 of the Dungeon.
             The game lasted 00:09:46 (4283 turns).

gbos the Insei (Draconian Transmuter)               Turns: 4283, Time: 00:09:46

Health: -1/48      AC:  6    Str: 12    XL:     6   Next: 15%
Magic:  9/9        EV: 13    Int: 15    God:    Makhleb [......]
Gold:   151        SH:  5    Dex: 12    Spells: 6/9 levels left

rFire    . . .     SeeInvis .     - Unarmed
rCold    . . .     Gourm    .   (no shield)
rNeg     . . .     Faith    .   (armour unavailable)
rPois    .         Spirit   .   (helmet restricted)
rElec    .         Reflect  +   (no cloak)
rCorr    .         Harm     .   (no gloves)
MR       .....                  (boots currently unavailable)
Stlth    +.........             g - +5 amulet of reflection
HPRegen  0.16/turn              (no ring)
MPRegen  0.11/turn              (no ring)

@: about to teleport, appendage
A: unfitting armour, talons 3, cold-blooded, AC +6
a: End Transformation, Renounce Religion


You were on level 5 of the Dungeon.
You worshipped Makhleb.
Makhleb was noncommittal.
You were hungry.
You had grown temporary talons.
You visited 2 branches of the dungeon, and saw 6 of its levels.

You collected 151 gold pieces.

Inventory:

Missiles
 a - 66 arrows
Armour
 j - a -1 pair of gloves
Jewellery
 d - an uncursed ring of fire
 g - a +5 amulet of reflection (around neck)
Scrolls
 b - 2 scrolls of fear {unknown}
 h - a scroll of identify
 i - 2 scrolls of magic mapping {unknown}
Potions
 e - 2 potions of brilliance
Comestibles
 c - 6 rations


   Skills:
 * Level 2.0 Fighting
 + Level 2.9 Dodging
 - Level 5.6 Unarmed Combat
 - Level 2.0 Spellcasting
 + Level 3.2 Transmutations


You had 6 spell levels left.
You knew the following spells:

 Your Spells              Type           Power        Failure   Level  Hunger
a - Beastly Appendage     Tmut           ##....       6%          1    #......
b - Sticks to Snakes      Tmut           ##......     9%          2    ###....

Your spell library contained the following spells:

 Spells                   Type           Power        Failure   Level  Hunger
 Spider Form              Tmut/Pois      #.........   34%         3    ###....
 Ice Form                 Ice/Tmut       #.......     75%         4    #####..
 Blade Hands              Tmut           ##........   86%         5    ######.


Dungeon Overview and Level Annotations

Branches:
Dungeon (5/15)             Temple (1/1) D:4

Altars:
Ashenzari
Cheibriados
Elyvilon
Gozag
Hepliaklqana
Kikubaaqudgha
Makhleb
Okawaru
Qazlal
Ru
Trog
Wu Jian
Zin

Annotations:
D:2 Sigmund
D:4 Natasha, Purgy


Innate Abilities, Weirdness & Mutations

Your plain brown scales are hard. (AC +6)
You cannot fit into any form of body armour.
You are cold-blooded and may be slowed by cold attacks.
You have claws for feet.


Message History

There is a stone staircase leading up here.
Something hits you.
Deactivating autopickup; reactivate with Ctrl-A.
Something hits you but does no damage. Something barely misses you.
Something hits you!
Casting: Beastly Appendage (safe; 6% risk of failure)
Confirm with . or Enter, or press ? or * to list all spells.
Your feet morph into talons.
Something barely misses you. Something hits you but does no damage.
Something hits you. Something hits you. Something hits you but does no damage.
The orc hits you with a hand axe. Something hits you but does no damage.
Something hits you! Something hits you. Something hits you.
* * * LOW HITPOINT WARNING * * *
As you read the scroll of teleportation, it crumbles to dust.
You feel strangely unstable. Something hits you but does no damage.
Something hits you!
You die...

♣.# P..#
≈..####
♣....#
♣...# ♣..#
♣..########
♣...o.@...#
♣..#####.##
♣.<......#
##.#######
#.# ... .##
#. #.


You could see an orc.

Vanquished Creatures
  An orc wizard (D:4)
  A worker ant (D:4)
  4 gnolls (D:2)
  3 adders
  An ooze (D:1)
  3 worms
  2 dart slugs (D:2)
  10 bats
  8 giant cockroaches
  7 goblins
  8 hobgoblins
  A quokka (D:3)
  2 ball pythons (D:1)
  3 frilled lizards
  5 kobolds
  6 rats
65 creatures vanquished.

Vanquished Creatures (collateral kills)
  2 ogres (D:3)
2 creatures vanquished.

Grand Total: 67 creatures vanquished

Notes
Turn   | Place    | Note
-------+----------+-------------------------------------------
     0 | D:1      | gbos the Draconian Transmuter began the quest for the Orb.
     0 | D:1      | Reached XP level 1. HP: 16/16 MP: 3/3
    73 | D:1      | Reached XP level 2. HP: 6/23 MP: 1/5
   716 | D:1      | Reached skill level 4 in Unarmed Combat
   835 | D:2      | Reached XP level 3. HP: 28/28 MP: 4/6
   847 | D:2      | Learned a level 2 spell: Sticks to Snakes
   900 | D:2      | Reached XP level 4. HP: 9/35 MP: 5/7
   903 | D:2      | Reached skill level 5 in Unarmed Combat
  1349 | D:2      | Found a stormy altar of Qazlal.
  1781 | D:2      | Noticed Sigmund
  1982 | D:3      | Noticed an ogre
  2005 | D:3      | Killed an ogre
  2005 | D:3      | Reached XP level 5. HP: 37/40 MP: 2/8
  2114 | D:3      | Found a white marble altar of Elyvilon.
  2406 | D:3      | Noticed an ogre
  2421 | D:3      | Killed an ogre
  3054 | D:4      | Noticed Purgy
  3083 | D:4      | HP: 1/40 [Purgy (3)]
  3477 | D:4      | Found a sacrificial altar of Ru.
  3493 | D:4      | Reached XP level 6. HP: 48/48 MP: 7/9
  3524 | D:4      | Noticed Natasha
  3574 | D:4      | Found a staircase to the Ecumenical Temple.
  3580 | Temple   | Entered the Ecumenical Temple
  3714 | Temple   | Became a worshipper of Makhleb the Destroyer
  3913 | D:4      | Found an iron altar of Okawaru.
  4270 | D:5      | Entered Level 5 of the Dungeon
  4283 | D:5      | Slain by an unseen horror

Skill      XL: |  1  2  3  4  5  6 |
---------------+-------------------+-----
Unarmed Combat | 4 5 |  5.6
Dodging        | 2 |  2.9
Transmutations | 3 |  3.2
Fighting       | 2 |  2.0
Spellcasting   | |  2.0

Action                   |  1- 3 |  4- 6 || total
-------------------------+-------+-------++-------
Melee: Unarmed           |    85 |   146 ||   231
       Kick              |     7 |    12 ||    19
       Tailslap          |     7 |    11 ||    18
       Headbutt          |     1 |     6 ||     7
       Punch             |     1 |     4 ||     5
 Cast: Beastly Appendage |    18 |    27 ||    45
       Sticks to Snakes  |       |    11 ||    11
  Use: Scroll            |     4 |     5 ||     9
       Potion            |     1 |     1 ||     2
 Stab: Paralysed         |       |     2 ||     2
  Eat: Chunk             |       |     8 ||     8
       Ration            |       |     1 ||     1
Armor: Skin              |    23 |    47 ||    70
Dodge: Dodged            |    44 |    80 ||   124
Block: Other             |     5 |    34 ||    39
       Reflection        |       |     1 ||     1
